 Dungeon Crawl Stone Soup version 0.23.2-33-g5129a83184 (webtiles) character file.

Game seed: 14519868175694413008

97 senseless the Skirmisher (level 4, 0/40 HPs)
             Began as a Minotaur Fighter on July 4, 2019.
             Was an Initiate of Qazlal.
             Slain by Pikel
             ... wielding a +0 whip of freezing
              (1 damage)
             ... on level 5 of the Dungeon.
             The game lasted 00:07:40 (1831 turns).

senseless the Skirmisher (Minotaur Fighter)         Turns: 1831, Time: 00:07:41

Health: 0/40       AC:  7    Str: 25    XL:     4   Next: 42%
Magic:  3/3        EV:  8    Int:  5    God:    Qazlal [......]
Gold:   77         SH: 11    Dex: 11    Spells: 3/3 levels left

rFire    . . .     SeeInvis .   a - +0 long sword
rCold    . . .     Gourm    .   c - +1 shield
rNeg     . . .     Faith    .   b - +0 scale mail
rPois    .         Spirit   .   (helmet restricted)
rElec    .         Reflect  .   (no cloak)
rCorr    .         Harm     .   (no gloves)
MR       .....                  (no boots)
Stlth    ..........             l - amulet of regeneration
HPRegen  0.53/turn              (no ring)
MPRegen  0.08/turn              (no ring)

@: mighty, hasted, very quick
A: retaliatory headbutt, horns 2
a: Renounce Religion


You were on level 5 of the Dungeon.
You worshipped Qazlal.
Qazlal was noncommittal.
You were not hungry.

You visited 2 branches of the dungeon, and saw 5 of its levels.

You collected 77 gold pieces.

Inventory:

Hand Weapons
 a - a +0 long sword (weapon)
 g - a +2 whip of electrocution
Armour
 b - a +0 scale mail (worn)
 c - a +1 shield (worn)
Jewellery
 l - an amulet of regeneration (around neck)
Scrolls
 e - 3 scrolls of amnesia
 h - 2 scrolls of blinking {unknown}
 k - 3 scrolls of identify
 o - a scroll of enchant weapon {unknown}
Potions
 d - a potion of might
 m - a potion of magic
 n - a potion of resistance
Comestibles
 f - 5 rations
 i - 4 chunks of flesh


   Skills:
 + Level 4.2 Fighting
 * Level 3.9 Long Blades
 + Level 4.1 Armour
 + Level 1.5 Dodging
 + Level 4.2 Shields


You had 3 spell levels left.
You didn't know any spells.
Your spell library was empty.

Dungeon Overview and Level Annotations

Branches:
Dungeon (5/15)             Temple (1/1) D:5

Altars:
Cheibriados
Makhleb
Qazlal
Ru
Trog
Uskayaw
Vehumet
Wu Jian

Annotations:
D:5 Pikel


Innate Abilities, Weirdness & Mutations

You reflexively headbutt those who attack you in melee.
You have a pair of horns on your head.


Message History

Pikel hits you with a +0 whip of freezing.
Pikel freezes you. The slave completely misses you. You furiously retaliate!
You headbutt the slave!
You riposte.
You slice the slave!!
You kill the slave!
That felt strangely unrewarding.
You hit Pikel but do no damage.
Pikel is moderately wounded.
Pikel hits you with a +0 whip of freezing!
* * * LOW HITPOINT WARNING * * *
Pikel freezes you.
* * * LOW HITPOINT WARNING * * *
Your shield prevents you from hitting the slave.
You hit Pikel. Your headbutt misses Pikel.
Pikel is moderately wounded.
You barely miss Pikel.
Pikel is moderately wounded.
Pikel hits you with a +0 whip of freezing.
* * * LOW HITPOINT WARNING * * *
Pikel freezes you.
You die...

....... ######
....... .###....#
....... .......#
....... .......+
..>.... #....#
.......
#....####[......
#......@Kp......
..######.###########
.........#
.....###.# ... +...+
. ###.# #.# ..#.#.#
...#.#


You could see Pikel and a slave.

Vanquished Creatures
  3 slaves (D:5)
  3 adders
  An ooze (D:2)
  An adder zombie (D:5)
  2 worms (D:3)
  3 goblins
  12 hobgoblins
  2 jackals (D:2)
  7 kobolds
  A quokka (D:2)
  4 ball pythons
  6 bats
  7 frilled lizards
  8 rats
60 creatures vanquished.

Notes
Turn   | Place    | Note
-------+----------+-------------------------------------------
     0 | D:1      | senseless the Minotaur Fighter began the quest for the Orb.
     0 | D:1      | Reached XP level 1. HP: 19/19 MP: 0/0
   125 | D:1      | Reached XP level 2. HP: 27/27 MP: 1/1
   852 | D:2      | Reached XP level 3. HP: 33/33 MP: 2/2
   856 | D:2      | Reached skill level 1 in Dodging
   996 | D:2      | Found a burning altar of Makhleb.
   998 | D:2      | Noticed a green death
  1002 | D:2      | Noticed an orange demon
  1002 | D:2      | Noticed an orange demon
  1183 | D:2      | Reached XP level 4. HP: 33/40 MP: 3/3
  1641 | D:3      | You fall through a shaft for 2 floors!
  1641 | D:5      | Entered Level 5 of the Dungeon
  1642 | D:5      | Found a staircase to the Ecumenical Temple.
  1654 | Temple   | Entered the Ecumenical Temple
  1672 | Temple   | Became a worshipper of Qazlal Stormbringer
  1789 | D:5      | Noticed a slave
  1789 | D:5      | Noticed a slave
  1806 | D:5      | Killed a slave
  1811 | D:5      | Noticed a slave
  1812 | D:5      | Killed a slave
  1816 | D:5      | Noticed Pikel
  1817 | D:5      | Noticed a slave
  1826 | D:5      | Killed a slave
  1827 | D:5      | HP: 1/40 [Pikel/+0 whip of freezing (4)]
  1831 | D:5      | Slain by Pikel

Skill      XL: |  1  2  3 |
---------------+----------+-----
Long Blades    | 3 |  3.9
Dodging        | 1 |  1.5
Armour         | 4 |  4.1
Shields        | 4 |  4.2
Fighting       | 4 |  4.2

Action                   |  1- 3 |  4- 6 || total
-------------------------+-------+-------++-------
Melee: Long sword        |   116 |    67 ||   183
       Headbutt          |    17 |     9 ||    26
  Use: Scroll            |     7 |     2 ||     9
       Potion            |       |     2 ||     2
  Eat: Chunk             |     1 |     2 ||     3
Armor: Scale mail        |    56 |    19 ||    75
Dodge: Dodged            |    29 |    16 ||    45
Block: Shield            |    57 |    37 ||    94
       Rpst.: Long sword |    11 |     5 ||    16
